 Dungeon Crawl Stone Soup version 0.30-a0-757-ga6a79fd877 (webtiles) character file.

Game seed: 6290213709652409314

521 kingofthe the Sneak (level 7, -6/41 HPs)
             Began as an Octopode Conjurer on Feb 10, 2023.
             Was an Initiate of Vehumet.
             Mangled by an ice beast (13 damage)
             ... on level 5 of the Dungeon.
             The game lasted 00:10:45 (4682 turns).

kingofthe the Sneak (Octopode Conjurer)             Turns: 4682, Time: 00:10:45

Health: -6/41      AC:  1    Str:  6    XL:     7   Next: 21%
Magic:  13/13      EV: 14    Int: 21    God:    Vehumet [......]
Gold:   214        SH:  0    Dex: 12    Spells: 12/15 levels left

rFire   . . .      SeeInvis .    n - +0 dagger (elec)
rCold   . . .      Faith    .    (no shield)
rNeg    . . .      Spirit   .    (helmet restricted)
rPois   .          Reflect  .    (no amulet)
rElec   .          Harm     .    (no ring)
rCorr   .          Rampage  .    (no ring)
Will    .....                    (no ring)
Stlth   ++++                     (no ring)
HPRegen 0.26/turn                (no ring)
MPRegen 0.13/turn                (no ring)
                                 (no ring)
                                 (no ring)

@: no status effects
A: almost no armour, amphibious, 8 rings, camouflage 1, gelatinous body 1,
(nimble swimmer 1), tentacles
a: Renounce Religion


You were on level 5 of the Dungeon.
You worshipped Vehumet.
Vehumet was noncommittal.
You visited 2 branches of the dungeon, and saw 6 of its levels.

You collected 214 gold pieces.

Inventory:

Hand Weapons
 n - a +0 dagger of electrocution (weapon)
Wands
 t - a wand of iceblast (9)
Scrolls
 b - a scroll of vulnerability {unknown}
 d - a scroll of enchant armour {unknown}
 f - a scroll of fear {unknown}
 g - 2 scrolls of immolation {unknown}
 h - 2 scrolls of identify {unknown}
 i - 3 scrolls of teleportation {unknown}
 q - a scroll of noise {unknown}
 r - a scroll of summoning {unknown}
 s - a scroll of poison {unknown}
Potions
 a - 2 potions of magic
 c - 2 potions of attraction {unknown}
 e - 3 potions of curing {unknown}
 j - a potion of invisibility {unknown}
 k - 2 potions of lignification {unknown}
 l - 2 potions of flight {unknown}
 m - a potion of berserk rage {unknown}
 o - a potion of mutation {unknown}
 p - 2 potions of heal wounds {unknown}


   Skills:
 * Level 3.8 Dodging
 + Level 5.3 Stealth
 * Level 4.6 Spellcasting
 + Level 5.1 Conjurations


You had 12 spell levels left.
You knew the following spells:

 Your Spells              Type           Power      Damage    Failure   Level
a - Magic Dart            Conj           100%       1d8       1%          1
b - Searing Ray           Conj           52%        2d6       1%          2

Your spell library contained the following spells:

 Spells                   Type           Power      Damage    Failure   Level
 Dazzling Flash           Conj/Hex       30%        N/A       12%         3
 Hailstorm                Conj/Ice       15%        3d5       12%         3
 Cigotuvi's Dreadful Rot  Necr/Pois/Air  8%         N/A       17%         2
 Fulminant Prism          Conj/Hex       7%         3d7       36%         4
 Iskenderun's Mystic Bla  Conj/Tloc      15%        2d5       36%         4
 Dispel Undead            Necr           4%         3d7       75%         4
 Ice Form                 Ice/Tmut       4%         N/A       75%         4
 Death Channel            Necr           2%         N/A       100%        6
 Simulacrum               Ice/Necr       2%         N/A       100%        6


Dungeon Overview and Level Annotations

Branches:
Dungeon (5/15)             Temple (1/1) D:4

Altars:
Ashenzari
Cheibriados
Dithmenos
Elyvilon
Fedhas
Kikubaaqudgha
Makhleb
Nemelex Xobeh
Ru
Uskayaw
Vehumet
Yredelemnul
The Shining One

Shops:
D:4 !


Innate Abilities, Weirdness & Mutations

You cannot wear most types of armour.
You are amphibious.
You can wear up to eight rings at the same time.
Your skin changes colour to match your surroundings (Stealth+).
Your rubbery body absorbs attacks. (AC +1, EV +1)
((You are camouflaged when in or above water. (Stealth+)))
You have tentacles for arms and can constrict up to eight enemies at once.


Message History

Magic restored.
t - a wand of iceblast (9)
You open the door. 2 gnolls come into view.
The magic dart hits the gnoll.
The gnoll is moderately wounded.
The gnoll shouts!
You hear a shout!
A gnoll comes into view. It is wielding a +0 whip.
A gnoll comes into view. It is wielding a +0 spear.
The gnoll shouts! x2
The gnoll shouts!
The magic dart hits the gnoll.
The gnoll is moderately wounded.
An ice beast comes into view.
Casting: Magic Dart (safe; 1% risk of failure)
Confirm with . or Enter, or press ? or * to list all spells.
Aiming: Searing Ray (safe; 1% risk of failure)
Press: ? - help, Shift-Dir - straight line, f/p - gnoll
Aim: a gnoll, wielding a +0 whip (moderately wounded, 82% to hit)
The searing ray hits the gnoll.
The gnoll is heavily wounded. (Press . to maintain the ray.)
The searing ray hits the gnoll!
You kill the gnoll!
Vehumet accepts your kill. The ice beast closely misses you.
The ice beast hits you. The ice beast freezes you!
The ice beast hits you but does no damage.
The ice beast attacks as you move away! The ice beast closely misses you.
The ice beast attacks as you move away! The ice beast hits you.
The ice beast freezes you! The ice beast attacks as you move away!
The ice beast hits you. The ice beast freezes you.
* * * LOW HITPOINT WARNING * * *
The ice beast attacks as you move away! The ice beast barely misses you.
There is a stone staircase leading up here.
The ice beast hits you.
* * * LOW HITPOINT WARNING * * *
The ice beast freezes you!
You die...

##########################
.................g...>....
#######.##.##.#.#####.####
###.##.##.#.#.#.#.#
#....Y.##.#.....#.#
#.#.#@..#.....#.#.#
#.#.#.###.###.#.#.# #
#.#.# #.# #.#.#.#
#...###+###...#g#
###...........#.#
#.......>.#.#.####
#........##.......
+........####.####
........# #)#


You could see an ice beast.

Vanquished Creatures
  A wyvern (D:4)
  A jelly (D:4)
  2 hounds
  3 iron imps (D:3)
  2 orc wizards
  A gnoll (D:5)
  4 adders
  A worm (D:2)
  4 dart slugs
  6 orcs
  5 bats
  8 endoplasms
  6 goblins
  6 hobgoblins
  4 jackals (D:1)
  4 quokkas
  5 ball pythons
  12 frilled lizards
  14 kobolds
  8 rats
97 creatures vanquished.

Notes
Turn   | Place    | Note
-------+----------+-------------------------------------------
     0 | D:1      | kingofthe the Octopode Conjurer began the quest for the
                  | Orb.
     0 | D:1      | Reached XP level 1. HP: 11/11 MP: 3/3
    71 | D:1      | Found a faded altar of an unknown god.
   325 | D:1      | Reached XP level 2. HP: 17/17 MP: 1/5
   416 | D:1      | Learned a level 2 spell: Searing Ray
   767 | D:1      | Reached XP level 3. HP: 21/21 MP: 4/6
  2081 | D:3      | Reached XP level 4. HP: 27/27 MP: 5/8
  2679 | D:3      | Reached XP level 5. HP: 16/31 MP: 1/9
  3055 | D:3      | Found a burning altar of Makhleb.
  3227 | D:3      | Reached XP level 6. HP: 24/36 MP: 3/11
  3315 | D:4      | Found Bopra's Distillery.
  3439 | D:4      | Found a staircase to the Ecumenical Temple.
  3457 | Temple   | Entered the Ecumenical Temple
  3766 | D:4      | Noticed a wyvern
  3774 | D:4      | Killed a wyvern
  3775 | D:4      | Reached skill level 5 in Stealth
  3775 | D:4      | Reached skill level 5 in Conjurations
  3775 | D:4      | Reached XP level 7. HP: 6/41 MP: 3/13
  4126 | D:4      | Found a radiant altar of Vehumet.
  4188 | D:4      | Became a worshipper of Vehumet
  4415 | D:5      | Entered Level 5 of the Dungeon
  4682 | D:5      | Mangled by an ice beast

Illustrated notes

Levels and vault maps discovered:
D:1:      dpeg_arrival_round_a, layout_basic, hellmonk_ecumenical_altar_zigzags,
          minmay_lizard_pond
D:2:      layout_loops_cross
D:3:      layout_rooms, demons_altar, st_stairs_1, hangedman_decor_points,
          minmay_close_crescents
D:4:      layout_basic, kennysheep_mini_moat, temple_pool_b, serial_shops,
          nicolae_shop_statue_plus
D:5:      layout_basic, mainiacjoe_overflow_small_starburst,
          kennysheep_crisscross, kennysheep_decorative_pillar
Temple:   nicolae_temple_bog_church

Skill      XL: |  1  2  3  4  5  6 |
---------------+-------------------+-----
Stealth        | 3 4 5 |  5.3
Spellcasting   | 3 4 |  4.6
Dodging        | 3 |  3.8
Conjurations   | 5 |  5.1

Action                     |  1- 3 |  4- 6 |  7- 9 || total
---------------------------+-------+-------+-------++-------
  Melee: Unarmed           |     3 |       |       ||     3
         Constrict         |     3 |     3 |       ||     6
         Dagger            |     8 |    17 |       ||    25
         Tentacles         |     1 |     6 |       ||     7
   Cast: Magic Dart        |    81 |    82 |    19 ||   182
         Searing Ray       |     3 |     8 |     1 ||    12
 Armour: Skin              |       |     4 |     1 ||     5
  Dodge: Dodged            |    14 |    34 |     7 ||    55

Table legend: (Time is in decaauts)
 A = Elapsed time spent in this place.
 B = Non-inter-level travel time spent in this place.
 C = Inter-level travel time spent in this place.
 D = Time resting spent in this place.
 E = Time spent auto-exploring this place.
 F = Levels seen in this place.
 G = Mean time per level.
                   A        B        C        D        E       F      G
               +--------+--------+--------+--------+--------+-----+--------+
         Total |   4683 |   4439 |    244 |    695 |   3131 |   6 |  780.5 |
       Dungeon |   4554 |   4320 |    234 |    695 |   3024 |   5 |  910.8 |
        Temple |    128 |    118 |     10 |      0 |    107 |   1 |  128.0 |
               +--------+--------+--------+--------+--------+-----+--------+

Top non-repeatable levels by time:
     D:3: 1236 daAuts
     D:2: 1069 daAuts
     D:1: 1008 daAuts
     D:4: 972 daAuts
     D:5: 266 daAuts
  Temple: 128 daAuts
